AoeStats
← wujiang

MegaRandom

510264758Analyzed
2v2 RM · 8h ago on Sep 30, 2026· 46m 39s· 4 players
Game mode
Random Map
Map size
Medium (4 player)
Population
200
Speed
Normal
Resources
Standard
Victory
Conquest
Starting age
Dark Age
Ending age
Imperial Age
RankedLock teamsTeams togetherTeam positionsShared explorationLock speedFull tech treeHidden civsTurbo modeCheats
Victory
Defeat
🇨🇳 Dravidians · China
1051
+10
637
+26
🇺🇸 Vikings · United States
910
-18
🇺🇸 Romans · United States
875
-18
JEB1GA
3:46 Loom
11:43 Feudal Age
12:36 Double-Bit Axe
21:48 Padded Archer Armor
23:14 Horse Collar
25:02 Fletching
25:14 Gold Mining
25:19 Stone Mining
28:23 Castle Age
29:02 Bodkin Arrow
28:30 Crossbowman
30:37 Bow Saw
31:29 Gold Shaft Mining
31:34 Pikeman
33:30 Leather Archer Armor
34:43 Heavy Plow
38:13 Arson
43:57 Scale Mail Armor
JayJay
4:58 Loom
13:26 Feudal Age
17:05 Double-Bit Axe
17:58 Wheelbarrow
17:09 Horse Collar
19:33 Stone Mining
19:36 Gold Mining
22:11 Town Watch
25:18 Castle Age
23:40 Town Watch
25:57 Castle Age
27:31 Hand Cart
29:43 Murder Holes
33:25 Imperial Age
32:49 Town Patrol
33:56 Gold Shaft Mining
33:35 Bow Saw
35:27 Ballistics
39:01 Heavy Plow
42:01 Heavy Scorpion
你只是一个丑企鹅
14:12 Feudal Age
15:30 Fishing Lines
16:52 Loom
17:01 Loom
18:46 Wheelbarrow
18:58 Forging
18:45 Gold Mining
18:41 Double-Bit Axe
18:41 Horse Collar
22:54 Castle Age
20:41 Town Watch
23:57 Medium Warships
24:40 Gillnets
25:58 Clinker Construction
25:55 Demolition Ship
30:52 Hand Cart
31:45 Bow Saw
37:39 Imperial Age
36:46 Scale Barding Armor
37:26 Iron Casting
36:51 Scale Mail Armor
37:30 Masonry
37:31 Careening
37:35 Masonry
37:28 Heavy Plow
37:20 Stone Mining
38:56 Town Patrol
39:18 Chain Barding Armor
39:58 Blast Furnace
38:25 Capped Ram
38:39 Man-at-Arms
38:39 Pikeman
39:20 Squires
40:29 Crenellations
40:38 Conscription
39:42 Long Swordsman
40:07 Gambesons
40:09 Arson
41:04 Guilds
41:02 Caravan
42:09 Two-Man Saw
41:09 Cavalier
41:59 Bloodlines
41:16 Two-Handed Swordsman
42:37 Chain Mail Armor
44:16 Ballistics
44:59 Chemistry
44:11 Fortified Wall
44:07 Siege Engineers
44:23 Fortified Wall
44:50 Fletching
45:31 Plate Mail Armor
wujiang
13:11 Feudal Age
13:17 Feudal Age
13:47 Double-Bit Axe
15:02 Fishing Lines
18:59 Fletching
19:11 Padded Archer Armor
19:19 Gold Mining
24:35 Castle Age
23:34 Horse Collar
24:51 Wheelbarrow
25:36 Medium Warships
25:46 Bow Saw
27:32 Hand Cart
28:04 Stone Mining
28:05 Loom
28:34 Bodkin Arrow
28:52 Gillnets
32:02 Town Watch
36:48 Ballistics
39:36 Imperial Age
39:58 Elite Elephant Archer
41:24 Bracer
41:40 Leather Archer Armor
41:55 Conscription
45:28 Chemistry
Connection lost

Rejoining the realm…

Still unreachable

The connection could not be restored.

Session expired

The server has moved on; the page needs a fresh start.